 Dungeon Crawl Stone Soup version 0.29.1-13-g9f3cf754e1 (webtiles) character file.

Game seed: 16721975421813525029

1753064 nachturnus the Wrestler (level 26, 60/218 (232) HPs)
             Began as a Minotaur Monk on Jan 19, 2023.
             Was the Champion of Makhleb.
             Escaped with the Orb
             ... and 3 runes on Feb 1, 2023!
             The game lasted 05:17:32 (63054 turns).

nachturnus the Wrestler (Minotaur Monk)            Turns: 63054, Time: 05:17:33

HP:   60/218 (232)  AC: 44    Str: 27 (29) XL:     26   Next: 48%
MP:   8/24          EV: 17    Int:  6      God:    Makhleb [******]
Gold: 3615          SH: 25    Dex: 16 (21) Spells: 25/25 levels left

rFire   + + .      SeeInvis .   B - +7 war axe of Gravity {vorpal, rElec rPois Dex-2}
rCold   + . .      Faith    .   f - +1 tower shield {AC+3}
rNeg    . . .      Spirit   +   t - +10 plate armour of the Moon Troll {rF- Will++ rCorr Dex+3}
rPois   +          Reflect  .   (helmet restricted)
rElec   +          Harm     .   P - +2 cloak {rPois}
rCorr   +          Rampage  +   x - +2 pair of gloves
Will    ++++.      Rnd*Tele +   y - +2 pair of boots {rampage}
Stlth   ..........              K - amulet of Isaot {Spirit rPois Regen+ Dex+2}
HPRegen 2.06/turn               N - ring of Vaulobyss {rF+++ Str+6 Int-5 Dex+4 Slay+2}
MPRegen 0.19/turn               V - +6 ring of intelligence

@: drained, unable to read, unable to drink
A: horns 2, retaliatory headbutt, clumsy 1, cold resistance 1, deterioration 2,
dopey 1, frail 1, low MP 2, strong-willed 1, regeneration 1, screaming 1,
teleportitis 1, weak 1, no potion heal 1, inability to drink after injury 1,
inability to read after injury 1, devolution 1
0: Orb of Zot
}: 3/15 runes: serpentine, barnacled, silver
a: Renounce Religion, Minor Destruction, Lesser Servant of Makhleb, Major
Destruction, Greater Servant of Makhleb


You escaped.
You worshipped Makhleb.
Makhleb was exalted by your worship.
You visited 13 branches of the dungeon, and saw 51 of its levels.
You also visited: Bailey, Gauntlet and Ice Cave.

You collected 5900 gold pieces.
You spent 2285 gold pieces at shops.

Inventory:

Hand Weapons
 k - the +8 war axe of Butz {freeze, rCorr Str+5}
   (You bought it in a shop on level 2 of the Orcish Mines)

   It freezes those it strikes, dealing additional cold damage.
   It can also slow down cold-blooded creatures.
   Str:       It affects your strength (+5).
   rCorr:     It protects you from acid and corrosion.
 q - a +9 war axe of protection
 w - a +8 mace of holy wrath
 B - the +7 war axe of Gravity (weapon) {vorpal, rElec rPois Dex-2}
   (You acquired it in a Gauntlet)

   It inflicts extra damage upon your enemies.
   Dex:       It affects your dexterity (-2).
   rElec:     It insulates you from electricity.
   rPois:     It protects you from poison.
 Z - a +3 broad axe of freezing
Missiles
 r - a throwing net
Armour
 f - a +1 tower shield of protection (worn)
 o - +7 gold dragon scales
 t - the +10 plate armour of the Moon Troll (worn) {rF- Will++ rCorr Dex+3}
   (You found it in a bailey)

   Dex:       It affects your dexterity (+3).
   rF:        It makes you vulnerable to fire.
   rCorr:     It protects you from acid and corrosion.
   Will:      It greatly increases your willpower.
 x - a +2 pair of gloves (worn)
 y - a +2 pair of boots of rampaging (worn)
 F - a +2 cloak of willpower
 P - a +2 cloak of poison resistance (worn)
 U - a +2 cloak of cold resistance
 X - the +1 pair of boots "Awoppagu" {Fly rF++}
   (You found it on level 3 of the Elven Halls)

   rF:        It greatly protects you from fire.
   Fly:       It grants you flight.
Jewellery
 b - the ring of Vaas {rC+ Str+6 Int-5}
   (You acquired it on level 3 of the Dungeon)

   [ring of protection from cold]

   Str:       It affects your strength (+6).
   Int:       It affects your intelligence (-5).
   rC:        It protects you from cold.
 m - the ring of the Mage {Wiz Archmagi}
   (You took it off a fire giant on level 2 of the Depths)

   [ring of wizardry]

   It improves your spell success rate.
   Archmagi:  It increases the power of your magical spells.
 p - an amulet of the acrobat
 K - the amulet of Isaot (around neck) {Spirit rPois Regen+ Dex+2}
   (You took it off a deep elf master archer on level 3 of the Elven Halls)

   [amulet of guardian spirit]

   It causes incoming damage to be divided between your reserves of health and
   magic.
   Dex:       It affects your dexterity (+2).
   rPois:     It protects you from poison.
   Regen:     It increases your rate of health regeneration.
 L - a ring of positive energy
 N - the ring of Vaulobyss (left hand) {rF+++ Str+6 Int-5 Dex+4 Slay+2}
   (You found it in a Gauntlet)

   [ring of strength]

   Str:       It affects your strength (+6).
   Int:       It affects your intelligence (-5).
   Dex:       It affects your dexterity (+4).
   Slay:      It affects your accuracy & damage with ranged weapons and melee
   (+2).
   rF:        It renders you almost immune to fire.
 O - a ring of the Octopus King {rN+ HP+2 AC+2 EV+2 SH+2}
   (You took it off a deep elf elementalist on level 3 of the Elven Halls)

   [ring of positive energy]

   AC:        It affects your AC (+2).
   EV:        It affects your evasion (+2).
   rN:        It protects you from negative energy.
   HP:        It affects your health (+2).
   SH:        It affects your SH (+2).
 Q - the ring of Shadows {Umbra +Inv Stlth+}
   (You took it off a deep elf annihilator on level 3 of the Elven Halls)

   [ring of stealth]

   It surrounds you with an aura of shadow, increasing your stealth and reducing
   the accuracy of all others within it.
   +Inv:      It lets you turn invisible.
   Stlth:     It makes you more stealthy.
 S - the ring of Fitaxt {rElec Will- MP+9 Int+3 Dex+6}
   (You found it on level 13 of the Dungeon)

   [ring of dexterity]

   Int:       It affects your intelligence (+3).
   Dex:       It affects your dexterity (+6).
   rElec:     It insulates you from electricity.
   MP:        It affects your magic capacity (+9).
   Will:      It decreases your willpower.
 V - a +6 ring of intelligence (right hand)
 W - the amulet of Gamp {Reflect Int+3 Dex+4 SH+5 Stlth+}
   (You found it on level 5 of the Vaults)

   [amulet of reflection]

   It reflects blocked missile attacks.
   Int:       It affects your intelligence (+3).
   Dex:       It affects your dexterity (+4).
   SH:        It affects your SH (+5).
   Stlth:     It makes you more stealthy.
Wands
 n - a wand of mindburst (35)
 A - a wand of flame (34)
 E - a wand of paralysis (49)
 M - a wand of light (5)
 Y - a wand of digging (9)
Scrolls
 h - 2 scrolls of blinking (quivered)
 l - 18 scrolls of teleportation
 u - 5 scrolls of fog
 J - 7 scrolls of fear
 R - 2 scrolls of silence
 T - 5 scrolls of magic mapping
Potions
 a - 3 potions of might
 c - 3 potions of ambrosia
 d - 14 potions of flight
 e - 7 potions of cancellation
 g - 9 potions of heal wounds
 i - 6 potions of berserk rage
 j - 4 potions of magic
 z - 4 potions of haste
 G - 19 potions of curing
 I - 2 potions of invisibility
Miscellaneous
 s - the horn of Geryon
 C - a tin of tremorstones (2/2)
 H - a lightning rod (4/4)


   Skills:
 - Level 25.0 Fighting
 - Level 17.1(19.4) Axes
 - Level 15.1(18.3) Maces & Flails
 - Level 4.0(11.9) Polearms
 - Level 5.5 Throwing
 - Level 21.8 Armour
 + Level 19.7 Dodging
 - Level 1.5 Stealth
 - Level 24.0 Shields
 - Level 26.7 Unarmed Combat
 - Level 12.0 Invocations
 - Level 7.9 Evocations


You had 25 spell levels left.
You didn't know any spells.
Your spell library contained the following spells:

 Spells                   Type           Power      Damage    Failure   Level
 Apportation              Tloc           0%         N/A       96%         1
 Magic Dart               Conj           0%         1d3       96%         1
 Necrotise                Necr           0%         1d4       96%         1
 Shock                    Conj/Air       0%         1d3       96%         1
 Sting                    Tmut/Pois      0%         1d3       96%         1
 Summon Small Mammal      Summ           0%         N/A       96%         1
 Blink                    Tloc           0%         N/A       99%         2
 Call Imp                 Summ           0%         N/A       99%         2
 Ensorcelled Hibernation  Hex/Ice        0%         N/A       99%         2
 Poisonous Vapours        Pois/Air       0%         N/A       99%         2
 Searing Ray              Conj           0%         2d4       99%         2
 Sublimation of Blood     Necr           0%         N/A       99%         2
 Call Canine Familiar     Summ           0%         N/A       100%        3
 Conjure Flame            Conj/Fire      0%         6-21      100%        3
 Dazzling Flash           Conj/Hex       0%         N/A       100%        3
 Ignite Poison            Fire/Tmut/Pois 0%         N/A       100%        3
 Mephitic Cloud           Conj/Pois/Air  0%         N/A       100%        3
 Portal Projectile        Hex/Tloc       0%         N/A       100%        3
 Spider Form              Tmut/Pois      0%         N/A       100%        3
 Stone Arrow              Conj/Erth      0%         3d7       100%        3
 Summon Guardian Golem    Hex/Summ       0%         N/A       100%        3
 Swiftness                Air            0%         N/A       100%        3
 Tukima's Dance           Hex            0%         N/A       100%        3
 Airstrike                Air            0%         2d(0-16)  100%        4
 Anguish                  Hex/Necr       0%         N/A       100%        4
 Animate Dead             Necr           0%         N/A       100%        4
 Corpse Rot               Necr/Pois/Air  0%         N/A       100%        4
 Dispel Undead            Necr           0%         3d6       100%        4
 Fulminant Prism          Conj/Hex       0%         3d6       100%        4
 Leda's Liquefaction      Hex/Erth       0%         N/A       100%        4
 Olgreb's Toxic Radiance  Pois           0%         N/A       100%        4
 Passage of Golubria      Tloc           0%         N/A       100%        4
 Petrify                  Tmut/Erth      0%         N/A       100%        4
 Sticky Flame             Conj/Fire      0%         2d3       100%        4
 Summon Ice Beast         Ice/Summ       0%         N/A       100%        4
 Summon Lightning Spire   Summ/Air       0%         N/A       100%        4
 Alistair's Intoxication  Tmut/Pois      0%         N/A       100%        5
 Blade Hands              Tmut           0%         N/A       100%        5
 Fireball                 Conj/Fire      0%         3d3       100%        5
 Irradiate                Conj/Tmut      0%         3d11      100%        5
 Lightning Bolt           Conj/Air       0%         1d11      100%        5
 Manifold Assault         Tloc           0%         N/A       100%        5
 Summon Forest            Summ/Tloc      0%         N/A       100%        5
 Summon Mana Viper        Hex/Summ       0%         N/A       100%        5
 Yara's Violent Unravell  Hex/Tmut       0%         3d3       100%        5
 Death Channel            Necr           0%         N/A       100%        6
 Dispersal                Tloc           0%         N/A       100%        6
 Iron Shot                Conj/Erth      0%         9d1       100%        6
 Starburst                Conj/Fire      0%         6d3       100%        6
 Summon Cactus Giant      Summ           0%         N/A       100%        6
 Haunt                    Necr/Summ      0%         N/A       100%        7
 Monstrous Menagerie      Summ           0%         N/A       100%        7
 Orb of Destruction       Conj           0%         9d5       100%        7
 Spellforged Servitor     Conj/Summ      0%         N/A       100%        7
 Storm Form               Tmut/Air       0%         N/A       100%        7
 Disjunction              Tloc           0%         N/A       100%        8
 Ignition                 Fire           0%         3d3       100%        8
 Infestation              Necr           0%         N/A       100%        8
 Maxwell's Capacitive Co  Air            0%         ∞         100%        8


Dungeon Overview and Level Annotations

Branches:
Dungeon (15/15)            Temple (1/1) D:4            Lair (5/5) D:11
 Shoals (4/4) Lair:3        Snake (4/4) Lair:3        Slime (0/5) Lair:5
    Orc (2/2) D:11            Elf (3/3) Orc:2        Vaults (5/5) D:14
  Crypt (1/3) Vaults:2     Depths (4/4) D:15           Hell (visited)
    Dis (1/7) Hell            Geh (0/7) Hell            Coc (0/7) Hell
    Tar (0/7) Hell            Zot (5/5) Depths:4     Bailey (visited)
  IceCv (visited)         Gauntlet (visited)

Altars:
Ashenzari
Cheibriados
Dithmenos
Elyvilon
Fedhas
Gozag
Hepliaklqana
Kikubaaqudgha
Makhleb
Nemelex Xobeh
Okawaru
Qazlal
Ru
Sif Muna
Trog
Uskayaw
Vehumet
Wu Jian
Xom
Yredelemnul
Zin
The Shining One
Jiyva

Shops:
D:8 *   D:11 (   D:13 (   Orc:1 *   Orc:2 ((:!(   Elf:2 *   Shoals:1 :
Shoals:2 [   Snake:1 ==:   Vaults:3 !

Portals:
Hell: Depths:1 Depths:2 Depths:3 Depths:4
Abyss: Depths:1 Depths:3
Pandemonium: Depths:2 Depths:4
Ziggurat: Depths:2

Annotations:
Shoals:2 2 transporters, devnull's ghost, journeyman DsNe


Innate Abilities, Weirdness & Mutations

You have a pair of horns on your head.
You reflexively headbutt those who attack you in melee.
You are clumsy. (Dex -2)
Your flesh is cold resistant. (rC+)
Your body often deteriorates upon taking damage.
You are dopey. (Int -2)
You are frail. (-10% HP)
Your magical capacity is very low. (-20% MP)
You are strong-willed. (Will+)
Your natural rate of healing is unusually fast.
You occasionally shout uncontrollably at your foes.
You are occasionally teleported next to monsters.
You are weak. (Str -2)
Potions are less effective at restoring your health.
You occasionally lose the ability to drink potions when taking damage.
You occasionally lose the ability to read scrolls when taking damage.
You have hidden genetic defects.


Message History

You block the Ice Fiend's attack. x2
You block the Ice Fiend's attack. The Ice Fiend claws you.
The Ice Fiend freezes you! You resist. The Ice Fiend misses you.
The Ice Fiend claws you but does no damage.
The Ice Fiend gestures at you. The bolt of cold hits you! You resist.
The Ice Fiend claws you but does no damage.
You block the Ice Fiend's attack. You block the Ice Fiend's attack.
The Ice Fiend claws you but does no damage.
The Ice Fiend claws you but does no damage.
You block the Ice Fiend's attack. You block the Ice Fiend's attack. x2
You carve the Ice Fiend like a ham!!!
You headbutt the Ice Fiend, but do no damage.
The Ice Fiend is heavily wounded.
The Ice Fiend claws you but does no damage.
You block the Ice Fiend's attack.
You slash the Ice Fiend! You headbutt the Ice Fiend!
The Ice Fiend is severely wounded.
You block the Ice Fiend's attack.
The Ice Fiend claws you but does no damage.
You hit the Ice Fiend but do no damage.
The Ice Fiend is severely wounded.
The Ice Fiend calls on the powers of darkness!
Your body is wracked with pain!
You barely miss the Ice Fiend.
The Ice Fiend is severely wounded.
You closely miss the Ice Fiend. You headbutt the Ice Fiend!
The Ice Fiend is severely wounded.
The Ice Fiend calls on the powers of darkness!
Your body is wracked with pain!
You feel threatened and lose the ability to read scrolls!
You feel threatened and lose the ability to drink potions!
* * * LOW HITPOINT WARNING * * *
The Ice Fiend gestures at you.
The bolt of cold hits you but does no damage.
You resist.
You have escaped!

#.# #.####.#.# #.###### #.#
#.# #.#.# #.# ##.######.#
#.#.# #.# #.........# #.#.#
##.# #>.#.################..#
#..##.### #.# ###.#..#
#..###..####'####..##..# #..#
###..'...'..####..# # ##..#
####.@1#### #..#
####.#.#####..'...'..####..#
....###.##..####'####..##.####
####.#.##.### #.# ###.#....# #
##....######### #####.....#
#.####.##..# ##.#.......# #.#
#.##..# #..........# # #.##
#.##..# #..#.......#
#####..###.##..# #..#.>.....#


You could see an Ice Fiend.

Vanquished Creatures
  6 orbs of fire
  8 Killer Klowns (Zot:5)
  Xtahua (Depths:3)
  Saint Roka (Depths:1)
  2 curse toes (Zot:5)
  Vashnia (Snake:4)
  Geryon (Hell)
  A caustic shrike (Depths:2)
  13 golden dragons
  3 electric golems
  A Tzitzimitl (Zot:2)
  Jorgrun (Orc:1)
  19 tentacled monstrosities
  Rupert (D:14)
  8 searing wretches
  2 liches
  3 deep elf master archers (Elf:3)
  5 quicksilver dragons
  3 titans
  A deep elf blademaster (Elf:3)
  29 Orb Guardians
  A walking divine tome (Depths:3)
  4 sphinxes
  3 Executioners
  12 death cobs
  A walking frostbound tome (Depths:2)
  4 ancient champions
  14 storm dragons
  Frances (Shoals:1)
  6 tengu reavers
  A revenant (Crypt:1)
  5 nagarajas
  6 shadow dragons
  4 draconian monks
  Agnes (D:14)
  9 draconian knights
  2 orc warlords (Vaults:2)
  10 frost giants
  12 fire giants
  4 ghost moths
  3 balrugs
  A cacodemon (Depths:2)
  6 draconian scorchers
  An iron dragon (Depths:2)
  16 vault wardens
  8 deep elf sorcerers
  10 draconian shifters
  A draconian stormcaller (Zot:4)
  Aizul (Snake:4)
  4 deep elf elementalists (Elf:3)
  7 draconian annihilators
  20 ironbound preservers
  The ghost of KittyFluff the Tortoise, a journeyman GrBe of Trog (D:13)
  A demonspawn blood saint (D:10)
  8 reapers
  13 stone giants
  An ophan (Depths:1)
  5 war gargoyles
  8 very ugly things
  7 black draconians
  9 vampire knights
  10 ironbound thunderhulks
  4 deep elf demonologists
  11 green draconians
  10 red draconians
  12 white draconians
  8 dire elephants
  An entropy weaver (Vaults:5)
  A lorocyproca (Depths:1)
  5 spark wasps
  9 yellow draconians
  A wendigo (Depths:1)
  8 deep elf annihilators
  An eidolon (Crypt:1)
  7 purple draconians
  3 crystal guardians (Vaults:4)
  10 ettins
  5 blizzard demons
  4 green deaths
  16 yaktaur captains
  7 deep elf death magi
  2 jiangshi (Crypt:1)
  7 merfolk impalers
  3 merfolk javelineers
  11 fire dragons
  8 great orbs of eyes
  6 deep elf high priests
  Fannar (Orc:1)
  35 vault guards
  2 boulder beetles
  A rakshasa (Depths:3)
  17 centaur warriors
  2 merfolk avatars
  7 hydras
  3 peacekeepers (Vaults:4)
  3 spriggan air magi
  9 ice dragons
  An anaconda (shapeshifter) (Depths:3)
  10 ironbound frosthearts
  3 salamander tyrants
  3 catoblepae (Lair:5)
  20 two-headed ogres
  9 merfolk aquamancers
  5 ogre magi
  3 anacondas
  A stoker (Hell)
  31 dancing weapons
  13 naga warriors
  10 death yaks (Lair:5)
  2 satyrs
  5 deep troll shamans
  3 hell hogs (Hell)
  10 deep troll earth magi
  2 death scarabs (Gauntlet)
  17 naga sharpshooters
  6 spriggan berserkers
  7 tengu warriors
  A vampire mage (Crypt:1)
  10 sun demons
  6 iron trolls
  8 shock serpents
  17 hell knights
  9 soul eaters
  Nergalle (Orc:1)
  A fire crab (Gauntlet)
  4 salamander mystics
  21 deep elf knights
  3 sixfirhies
  16 skeletal warriors
  An anaconda zombie (Hell)
  4 glowing orange brains
  An iron troll (shapeshifter) (Depths:1)
  8 sea snakes
  51 deep trolls
  11 lindwurms
  7 naga ritualists
  6 wizards
  5 flayed ghosts
  An orange crystal statue (IceCv)
  6 spriggan simulacra
  A spectral hydra (Gauntlet)
  32 deep elf pyromancers
  12 necromancers
  A tengu zombie (Depths:1)
  12 deep elf archers
  A bog body (IceCv)
  11 orc knights
  22 ironbound convokers
  14 harpies
  A golden dragon skeleton (Depths:1)
  2 obsidian statues
  32 deep elf zephyrmancers
  9 mana vipers
  3 shining eyes (Depths:1)
  7 manticores
  43 ugly things
  A wolf spider (Vaults:5)
  17 fauns
  A worldbinder (Gauntlet)
  A shining eye (shapeshifter) (Depths:3)
  3 cyclopes
  7 merfolk sirens
  29 moths of wrath
  A faun (shapeshifter) (D:15)
  9 salamanders
  24 vault sentinels
  5 guardian serpents
  12 water nymphs
  12 elephants (Lair:5)
  A gargoyle (D:11)
  2 rust devils
  2 torpor snails (Lair:5)
  An elephant (shapeshifter) (Vaults:5)
  31 black mambas
  An alligator snapping turtle zombie (Hell)
  18 naga magi
  An eye of devastation (Depths:1)
  10 cane toads
  A smoke demon (Depths:4)
  An orange demon (Depths:4)
  A hellion (Hell)
  6 komodo dragons
  42 yaktaurs
  2 spriggan zombies
  2 rime drakes (Lair:4)
  2 anaconda simulacra (IceCv)
  A tormentor (Zot:5)
  A komodo dragon (shapeshifter) (Vaults:5)
  5 tengu conjurers
  9 freezing wraiths (IceCv)
  8 ice devils
  7 red devils
  5 hellwings
  A golden dragon simulacrum (IceCv)
  A harpy zombie (Hell)
  A guardian mummy (Crypt:1)
  7 trolls
  2 meliai (D:14)
  4 polar bears
  30 merfolk
  8 wind drakes
  A harpy skeleton (Hell)
  A spectral elephant (Gauntlet)
  13 blink frogs
  42 slime creatures
  A stone giant simulacrum (Hell)
  A hornet (D:9)
  A spectral black mamba (Gauntlet)
  7 dream sheep
  A large abomination (Zot:1)
  2 air elementals (Shoals:4)
  5 snapping turtles
  A spriggan (Lair:2)
  6 ynoxinuls
  2 dire elephant simulacra
  22 water elementals
  A vampire (D:9)
  A hog (shapeshifter) (Depths:3)
  8 humans (D:14)
  6 wraiths
  4 fire bats (Gauntlet)
  2 wyverns
  A golden eye (shapeshifter) (Depths:3)
  68 yaks
  7 neqoxecs
  A golden eye (Depths:1)
  4 basilisks
  2 fire elementals (Elf:3)
  4 chaos spawn
  2 minotaur simulacra (IceCv)
  10 vampire mosquitoes
  A harpy simulacrum (IceCv)
  43 nagas
  2 wargs
  A glowing shapeshifter zombie (Depths:1)
  3 acid dragons
  12 water moccasins
  A spectral cane toad (Gauntlet)
  2 floating eyes
  20 orc warriors
  2 sky beasts
  An ice beast (D:7)
  An ettin simulacrum (Hell)
  18 ogres
  12 boggarts
  28 centaurs
  26 wolves
  A phantom (D:5)
  2 kobold brigands (D:7)
  A naga simulacrum (Hell)
  3 deep troll simulacra (IceCv)
  10 bullfrogs
  2 earth elementals
  2 scorpions
  4 wights
  A lindwurm simulacrum (IceCv)
  16 killer bees
  An electric eel (Lair:1)
  4 howler monkeys
  4 quasits (D:13)
  2 hounds
  13 orc priests
  3 jellies
  A gnoll bouda (Orc:1)
  2 human zombies (Crypt:1)
  Natasha (D:3)
  7 hell rats (Hell)
  5 human skeletons (Crypt:1)
  4 iguanas
  18 orc wizards
  2 mummies (Crypt:1)
  7 gnolls
  11 adders
  2 shadow imps
  A white imp (D:7)
  An ufetubus (D:4)
  A worm (D:2)
  2 dart slugs
  96 orcs
  4 bats
  4 endoplasms
  3 giant cockroaches
  12 goblins
  2 hobgoblins
  6 jackals
  4 quokkas
  6 ball pythons
  A butterfly zombie (Crypt:1)
  3 frilled lizards
  17 kobolds
  6 rats
  9 fire vortices
  A tentacle (Shoals:1)
2197 creatures vanquished.

Vanquished Creatures (collateral kills)
  A Killer Klown (Zot:5)
  A quicksilver dragon (Vaults:5)
  A sphinx (Vaults:5)
  A kraken (Shoals:1)
  An ironbound preserver (Vaults:2)
  A minotaur (Gauntlet)
  A deep elf annihilator (Elf:3)
  An ettin (Vaults:5)
  A deep elf high priest (Vaults:5)
  A hydra (D:14)
  A rakshasa (D:14)
  An ogre mage (Orc:2)
  A boulder beetle (D:14)
  A centaur warrior (D:14)
  10 two-headed ogres (Orc:2)
  A vampire mage (Vaults:2)
  3 dancing weapons (Elf:2)
  2 deep elf knights (Elf:2)
  2 deep trolls (Vaults:2)
  A deep elf archer (Elf:2)
  A deep elf pyromancer (Elf:2)
  2 ironbound convokers
  A phantasmal warrior (Vaults:2)
  A faun (shapeshifter) (Vaults:5)
  A meliai (D:14)
  A troll (D:14)
  A hornet (Vaults:5)
  6 slime creatures (D:14)
  An air elemental (Elf:2)
  A fire elemental (Elf:2)
  6 ogres (Orc:2)
  2 centaurs (D:14)
  2 orcs
59 creatures vanquished.

Vanquished Creatures (others)
  A Killer Klown (Zot:5)
  A fire giant (Depths:1)
  A draconian annihilator (Zot:1)
  A reaper (Hell)
  A vampire knight (Hell)
  A deep elf knight (Elf:3)
  A deep elf zephyrmancer (Elf:2)
  2 wizards
  A black mamba (Snake:4)
  An anaconda simulacrum (Hell)
  A water elemental (Elf:2)
  2 golden eyes (Depths:1)
  A harpy simulacrum (Hell)
  A naga (Snake:3)
  A boggart (Vaults:3)
  An orc wizard (Depths:1)
  2 creeping infernos (Hell)
  36 demonic plants (Gauntlet)
  A fire vortex (Hell)
  17 fungi
  92 plants
  22 tentacles
188 creatures vanquished.

Grand Total: 2444 creatures vanquished

Notes
Turn   | Place    | Note
-------+----------+-------------------------------------------
     0 | D:1      | nachturnus the Minotaur Monk began the quest for the Orb.
     0 | D:1      | Reached XP level 1. HP: 19/19 MP: 0/0
   192 | D:1      | Reached skill level 1 in Polearms
   313 | D:1      | Reached XP level 2. HP: 26/26 MP: 1/1
  1162 | D:2      | Reached XP level 3. HP: 31/31 MP: 2/2
  1888 | D:3      | Found a white marble altar of Elyvilon.
  2063 | D:3      | Noticed an ogre
  2266 | D:3      | Reached XP level 4. HP: 32/39 MP: 3/3
  2348 | D:3      | Reached skill level 5 in Axes
  2372 | D:3      | Reached XP level 5. HP: 13/45 MP: 4/4
  3008 | D:3      | Noticed Natasha
  3015 | D:3      | Killed Natasha
  3248 | D:3      | Identified a scroll of acquirement
  3248 | D:3      | Acquired the ring of Vaas {rC+ Str+6 Int-5}
  3448 | D:4      | Found a staircase to the Ecumenical Temple.
  3463 | Temple   | Entered the Ecumenical Temple
  3571 | Temple   | Became a worshipper of Makhleb the Destroyer
  3571 | Temple   | Reached * piety under Makhleb
  3571 | Temple   | Reached ** piety under Makhleb
  3976 | D:5      | Entered Level 5 of the Dungeon
  3980 | D:5      | Noticed a phantom
  3982 | D:5      | Reached XP level 6. HP: 47/51 MP: 5/5
  4327 | D:5      | Noticed a water moccasin
  4338 | D:5      | Killed a water moccasin
  4339 | D:5      | Reached XP level 7. HP: 51/57 MP: 6/6
  4776 | D:5      | Found an iron altar of Okawaru.
  5330 | D:6      | Found a sacrificial altar of Ru.
  5342 | D:6      | Reached skill level 10 in Axes
  5408 | D:6      | Reached XP level 8. HP: 48/64 MP: 7/7
  5919 | D:6      | Reached *** piety under Makhleb
  5974 | D:6      | Found a glowing silver altar of Zin.
  6237 | D:7      | Reached XP level 9. HP: 70/70 MP: 8/8
  6362 | D:7      | Found a bloodstained altar of Trog.
  6364 | D:7      | Noticed a wizard
  6368 | D:7      | Killed a wizard
  6841 | D:8      | Found Muzxocoh's General Store.
  6850 | D:8      | Bought a +2 chain mail of poison resistance for 259 gold
                  | pieces
  7049 | D:8      | Found a flagged portal.
  7060 | Bailey   | Entered a bailey
  7098 | Bailey   | Reached skill level 5 in Shields
  7100 | Bailey   | Reached **** piety under Makhleb
  7137 | Bailey   | Noticed an orc knight
  7138 | Bailey   | Noticed an orc knight
  7151 | Bailey   | Killed an orc knight
  7223 | Bailey   | Killed an orc knight
  7391 | Bailey   | Reached skill level 1 in Armour
  7425 | Bailey   | Got the Opusculum on Glamour and Hurting
  7426 | Bailey   | Identified the +10 plate armour of the Moon Troll {rF-
                  | Will++ rCorr Dex+3}
  7665 | D:8      | Found a stormy altar of Qazlal.
  7668 | D:8      | Noticed a two-headed ogre
  7675 | D:8      | Killed a two-headed ogre
  7676 | D:8      | Reached XP level 10. HP: 56/77 MP: 6/9
  7892 | D:8      | Noticed a two-headed ogre
  7898 | D:8      | Killed a two-headed ogre
  8244 | D:9      | Noticed a two-headed ogre
  8249 | D:9      | Killed a two-headed ogre
  8279 | D:9      | Reached ***** piety under Makhleb
  8280 | D:9      | Reached skill level 10 in Armour
  8336 | D:9      | Found an ancient bone altar of Kikubaaqudgha.
  8388 | D:9      | Reached XP level 11. HP: 76/82 MP: 10/10
  8401 | D:9      | Found a hide-covered altar of Uskayaw.
  8634 | D:10     | Entered Level 10 of the Dungeon
  8785 | D:10     | Noticed a two-headed ogre
  8792 | D:10     | Killed a two-headed ogre
  9060 | D:10     | Noticed a skeletal warrior
  9061 | D:10     | Noticed a skeletal warrior
  9061 | D:10     | Noticed a skeletal warrior
  9061 | D:10     | Noticed a skeletal warrior
  9062 | D:10     | Noticed a skeletal warrior
  9071 | D:10     | Killed a skeletal warrior
  9093 | D:9      | Killed a skeletal warrior
  9280 | D:10     | Killed a skeletal warrior
  9284 | D:10     | Killed a skeletal warrior
  9295 | D:10     | Killed a skeletal warrior
  9479 | D:10     | Noticed a two-headed ogre
  9486 | D:10     | Killed a two-headed ogre
  9487 | D:10     | Reached skill level 15 in Armour
  9873 | D:11     | Noticed a six-headed hydra
  9885 | D:11     | Killed a one-headed hydra
  9925 | D:11     | Found a staircase to the Lair.
  9998 | D:11     | Found a staircase to the Orcish Mines.
 10000 | D:11     | Found Odin's Weapon Emporium.
 10164 | D:11     | Noticed an eight-headed hydra
 10177 | D:11     | Killed a three-headed hydra
 10525 | D:12     | Reached XP level 12. HP: 83/90 MP: 8/11
 10635 | D:12     | Reached skill level 1 in Invocations
 10678 | D:12     | Noticed a five-headed hydra
 10686 | D:12     | Killed a one-headed hydra
 11334 | D:13     | Noticed a tengu warrior
 11346 | D:13     | Killed a tengu warrior
 11347 | D:13     | Reached skill level 5 in Invocations
 11420 | D:13     | Noticed a tengu warrior
 11533 | Lair:1   | Entered Level 1 of the Lair of Beasts
 12059 | Lair:1   | Noticed a five-headed hydra
 12068 | Lair:1   | Killed a one-headed hydra
 12088 | Lair:1   | Reached ****** piety under Makhleb
 12787 | Lair:2   | Reached skill level 10 in Invocations
 12886 | Lair:2   | Noticed a six-headed hydra
 12898 | Lair:2   | Killed a one-headed hydra
 12899 | Lair:2   | Reached XP level 13. HP: 95/95 MP: 17/19
 13029 | Lair:2   | Found a gate leading to a gauntlet.
 13100 | Gauntlet | Entered a Gauntlet
 13100 | Gauntlet | Found a transporter.
 13100 | Gauntlet | Found a transporter.
 13100 | Gauntlet | Found a transporter.
 13103 | Gauntlet | Found a transporter.
 13104 | Gauntlet | Found a transporter.
 13104 | Gauntlet | Found a transporter.
 13121 | Gauntlet | Found a transporter.
 13125 | Gauntlet | Found a transporter.
 13127 | Gauntlet | Found a large runed translucent door.
 13128 | Gauntlet | Found a large runed translucent door.
 13129 | Gauntlet | Found a large runed translucent door.
 13129 | Gauntlet | Found a large runed translucent door.
 13129 | Gauntlet | Found a runed translucent door.
 13130 | Gauntlet | Found a large runed translucent door.
 13132 | Gauntlet | Found a large runed translucent door.
 13133 | Gauntlet | Found a large runed translucent door.
 13133 | Gauntlet | Found a large runed translucent door.
 13135 | Gauntlet | Found a runed translucent gate.
 13139 | Gauntlet | Found a transporter.
 13165 | Gauntlet | Found a transporter.
 13165 | Gauntlet | Found a runed translucent gate.
 13166 | Gauntlet | Found a runed translucent gate.
 13167 | Gauntlet | Found a large runed translucent door.
 13168 | Gauntlet | Found a large runed translucent door.
 13168 | Gauntlet | Found a large runed translucent door.
 13169 | Gauntlet | Found a large runed translucent door.
 13178 | Gauntlet | Found a large runed translucent door.
 13178 | Gauntlet | Found a large runed translucent door.
 13178 | Gauntlet | Found a runed translucent door.
 13179 | Gauntlet | Found a large runed translucent door.
 13180 | Gauntlet | Found a large runed translucent door.
 13182 | Gauntlet | Found a transporter.
 13186 | Gauntlet | Found a transporter.
 13524 | Gauntlet | Identified the ring of Vaulobyss {rF+++ Str+6 Int-5 Dex+4
                  | Slay+2}
 13862 | Gauntlet | Identified the +5 scale mail "Pedohin" {Dex+2}
 13862 | Gauntlet | Noticed a minotaur
 13864 | Gauntlet | Acquired the +7 war axe of Gravity {vorpal, rElec rPois
                  | Dex-2}
 13867 | Gauntlet | Noticed an Executioner
 13895 | Gauntlet | Killed a minotaur
 13991 | Gauntlet | Identified the +0 scale mail of Eppuletu {Int+4}
 14276 | Lair:3   | Found a staircase to the Shoals.
 14546 | Lair:3   | Reached skill level 5 in Fighting
 14689 | Lair:3   | Found a staircase to the Snake Pit.
 15354 | Lair:4   | Found a shimmering blue altar of Sif Muna.
 15776 | Lair:4   | Reached skill level 10 in Fighting
 16134 | Lair:5   | Entered Level 5 of the Lair of Beasts
 16134 | Lair:5   | Found a viscous altar of Jiyva.
 16134 | Lair:5   | Found a staircase to the Slime Pits.
 16360 | Lair:5   | Reached XP level 14. HP: 125/125 MP: 22/22
 16650 | Lair:5   | Identified the +5 quarterstaff "Osmecwul" {antimagic, rCorr
                  | Dex+5}
 17198 | Lair:5   | Reached skill level 15 in Fighting
 17748 | Lair:5   | Upgraded the game from 0.29.1-12-g30fa7ad0bf to
                  | 0.29.1-13-g9f3cf754e1
 17862 | Shoals:1 | Entered Level 1 of the Shoals
 18170 | Shoals:1 | Found a frozen archway.
 18212 | IceCv    | Entered an ice cave
 18530 | IceCv    | Reached XP level 15. HP: 147/147 MP: 23/23
 20031 | Shoals:1 | Found Pixzec's Book Emporium.
 20062 | Shoals:1 | Noticed a kraken
 20063 | Shoals:1 | Noticed a kraken
 20218 | Orc:1    | Entered Level 1 of the Orcish Mines
 20218 | Orc:1    | Noticed Fannar
 20218 | Orc:1    | Noticed Nergalle
 20236 | Orc:1    | Killed Nergalle
 20246 | Orc:1    | Killed Fannar
 20329 | Orc:1    | Found Pigeloff's Gadget Gallery.
 20417 | Orc:1    | Noticed Jorgrun
 20428 | Orc:1    | Killed Jorgrun
 20622 | Orc:2    | Entered Level 2 of the Orcish Mines
 20732 | Orc:2    | Found Deriq's Antique Weapon Shop.
 20740 | Orc:2    | Bought a runed war axe for 195 gold pieces
 20740 | Orc:2    | Bought a glowing war axe for 195 gold pieces
 20741 | Orc:2    | Found a staircase to the Elven Halls.
 20860 | Orc:2    | Found Diowargh's Weapon Boutique.
 20860 | Orc:2    | Found Viffic's Book Emporium.
 21076 | Orc:2    | Found Jiseedan's Antique Weapon Emporium.
 21076 | Orc:2    | Found Qiemuele's Distillery.
 21079 | Orc:2    | Reached skill level 10 in Shields
 21083 | Orc:2    | Reached XP level 16. HP: 167/167 MP: 24/24
 21163 | Orc:2    | Bought a potion of haste for 150 gold pieces
 21163 | Orc:2    | Bought a potion of curing for 45 gold pieces
 21163 | Orc:2    | Bought a potion of might for 60 gold pieces
 21163 | Orc:2    | Bought a potion of haste for 150 gold pieces
 21163 | Orc:2    | Bought a potion of heal wounds for 75 gold pieces
 21163 | Orc:2    | Bought 2 potions of curing for 90 gold pieces
 21508 | Elf:1    | Entered Level 1 of the Elven Halls
 21548 | Elf:1    | Found a radiant altar of Vehumet.
 22294 | Elf:1    | Got Xeachemn's Codex of Arcane Weapons
 22518 | Elf:2    | Found a runed translucent gate.
 22518 | Elf:2    | Found a runed translucent gate.
 22518 | Elf:2    | Found a runed translucent gate.
 22579 | Elf:2    | Found Ziukk's CLEARANCE SALE!.
 22856 | Elf:2    | Reached skill level 15 in Shields
 23629 | Elf:2    | Reached XP level 17. HP: 161/173 MP: 25/25
 23913 | Elf:3    | Entered Level 3 of the Elven Halls
 23974 | Elf:3    | Reached skill level 15 in Axes
 24345 | Elf:3    | Identified the +5 rapier "Baheudax" {vamp, Fly Dex+2 SInv}
 24710 | Elf:3    | Identified the +3 ring mail of the Present {+Blink +Inv
                  | Str+2 Int+2}
 24832 | Elf:3    | Noticed a Hell Sentinel
 24834 | Elf:3    | Noticed a deep elf blademaster
 24834 | Elf:3    | Noticed a deep elf master archer
 24838 | Elf:3    | Noticed a deep elf master archer
 25510 | Shoals:2 | Reached skill level 5 in Dodging
 25573 | Shoals:1 | Noticed Frances
 25588 | Shoals:1 | Noticed a kraken
 25738 | Shoals:2 | Found a transporter.
 25739 | Shoals:2 | Noticed devnull's ghost (journeyman DsNe)
 25833 | Shoals:2 | Found a transporter.
 25977 | Shoals:2 | Found Riwkeen's Antique Armour Shoppe.
 26458 | Shoals:3 | Noticed a kraken
 26932 | Shoals:3 | Identified the +6 shortbow "Killer Klown's Bane" {flame,
                  | Fragile Will+ SInv}
 26948 | Shoals:4 | Entered Level 4 of the Shoals
 27114 | Shoals:4 | Reached skill level 10 in Dodging
 27136 | Shoals:4 | Found a stormy altar of Qazlal.
 27322 | Shoals:4 | Reached XP level 18. HP: 112/182 MP: 26/26
 27745 | Shoals:4 | Got a barnacled rune of Zot
 27863 | Shoals:1 | Killed Frances
 28064 | Snake:1  | Entered Level 1 of the Snake Pit
 28373 | D:13     | Found Gierchoj's Antique Weapon Shop.
 28415 | D:13     | You fall into a shaft and drop 2 floors!
 28415 | D:15     | Entered Level 15 of the Dungeon
 28577 | D:15     | Identified the +0 leather armour of Hedge Wizardry {Dex+4
                  | Slay+5}
 28630 | D:15     | Reached skill level 1 in Unarmed Combat
 28642 | D:15     | Reached skill level 2 in Unarmed Combat
 28661 | D:15     | Found a staircase to the Depths.
 28675 | D:15     | Reached skill level 3 in Unarmed Combat
 28843 | D:15     | Reached skill level 4 in Unarmed Combat
 29140 | D:14     | Reached skill level 5 in Unarmed Combat
 29232 | D:14     | Reached skill level 6 in Unarmed Combat
 29249 | D:14     | Noticed Agnes
 29261 | D:14     | Killed Agnes
 29262 | D:14     | Reached skill level 7 in Unarmed Combat
 29265 | D:14     | Noticed Rupert
 29297 | D:14     | Killed Rupert
 29298 | D:14     | Reached skill level 8 in Unarmed Combat
 29594 | D:14     | Found a gate to the Vaults.
 29738 | Vaults:1 | Entered Level 1 of the Vaults
 29955 | Vaults:1 | Reached skill level 9 in Unarmed Combat
 30218 | Vaults:1 | Reached skill level 10 in Unarmed Combat
 30293 | Vaults:1 | Reached XP level 19. HP: 186/189 MP: 27/27
 30314 | Vaults:1 | Reached skill level 11 in Unarmed Combat
 30509 | Vaults:1 | Reached skill level 12 in Unarmed Combat
 31307 | Vaults:2 | Reached skill level 13 in Unarmed Combat
 31462 | Vaults:2 | Reached skill level 14 in Unarmed Combat
 31700 | Vaults:2 | Reached skill level 15 in Unarmed Combat
 31933 | Vaults:2 | Found a staircase to the Crypt.
 32397 | Vaults:2 | Reached skill level 16 in Unarmed Combat
 32591 | Vaults:3 | Reached skill level 1 in Evocations
 32630 | Vaults:3 | Found Exidappi's Distillery.
 32638 | Vaults:3 | Bought a potion of haste for 130 gold pieces
 32821 | D:13     | Found a transporter.
 32821 | D:13     | Noticed KittyFluff's ghost (journeyman GrBe)
 33028 | D:13     | Found a transporter.
 33074 | D:13     | Lost intelligence.
 33074 | D:13     | Gained mutation: You are partially covered in iridescent
                  | scales. (AC +2) [a neqoxec]
 33075 | D:13     | Gained mutation: You are occasionally teleported next to
                  | monsters. [a neqoxec]
 33122 | D:13     | Killed KittyFluff's ghost
 33126 | D:13     | Got the ring of Fitaxt {rElec Will- MP+9 Int+3 Dex+6}
 33468 | Elf:3    | Identified the +6 mace of Imminent Death {freeze, rElec
                  | rPois Dex+2}
 33790 | Elf:3    | Reached XP level 20. HP: 140/198 MP: 28/28
 33925 | Elf:3    | Reached skill level 5 in Evocations
 33939 | Elf:3    | Identified the amulet of Isaot {Spirit rPois Regen+ Dex+2}
 33940 | Elf:3    | Found the ring of the Octopus King {rN+ HP+2 AC+2 EV+2
                  | SH+2}
 34494 | Elf:3    | Identified the +1 whip "Woikasch" {flame, SInv}
 34533 | Elf:3    | Identified the +1 pair of boots "Awoppagu" {Fly rF++}
 34753 | Elf:3    | Lost mutation: You are occasionally teleported next to
                  | monsters. [potion of mutation]
 34753 | Elf:3    | Lost mutation: You are partially covered in iridescent
                  | scales. (AC +2) [potion of mutation]
 34753 | Elf:3    | Gained mutation: Your system is resistant to poisons.
                  | (rPois) [potion of mutation]
 34753 | Elf:3    | Gained mutation: Your spells are a little easier to cast,
                  | but a little less powerful. [potion of mutation]
 34754 | Elf:3    | Lost mutation: Your system is resistant to poisons. (rPois)
                  | [potion of mutation]
 34754 | Elf:3    | Lost mutation: Your spells are a little easier to cast, but
                  | a little less powerful. [potion of mutation]
 34754 | Elf:3    | Gained mutation: Your mind is acute. (Int +4, Str/Dex -1)
                  | [potion of mutation]
 34754 | Elf:3    | Gained mutation: You have supernaturally acute eyesight.
                  | (SInv) [potion of mutation]
 34755 | Elf:3    | Lost mutation: Your mind is acute. (Int +4, Str/Dex -1)
                  | [potion of mutation]
 34755 | Elf:3    | Lost mutation: You have supernaturally acute eyesight.
                  | (SInv) [potion of mutation]
 34755 | Elf:3    | Gained mutation: Your flesh is cold resistant. (rC+)
                  | [potion of mutation]
 34755 | Elf:3    | Gained mutation: You possess an exceptional clarity of
                  | mind. [potion of mutation]
 34755 | Elf:3    | Gained mutation: Your magical capacity is low. (-10% MP)
                  | [potion of mutation]
 34755 | Elf:3    | Gained mutation: You have sharp toenails. [potion of
                  | mutation]
 34756 | Elf:3    | Lost mutation: Your flesh is cold resistant. (rC+) [potion
                  | of mutation]
 34756 | Elf:3    | Lost mutation: You possess an exceptional clarity of mind.
                  | [potion of mutation]
 34756 | Elf:3    | Lost mutation: You have sharp toenails. [potion of
                  | mutation]
 34756 | Elf:3    | Gained mutation: You have hidden genetic defects. [potion
                  | of mutation]
 34756 | Elf:3    | Gained mutation: Your flesh is cold resistant. (rC+)
                  | [potion of mutation]
 34756 | Elf:3    | Gained mutation: A frigid envelope surrounds you and
                  | freezes all who hurt you. [potion of mutation]
 34757 | Elf:3    | Lost mutation: A frigid envelope surrounds you and freezes
                  | all who hurt you. [potion of mutation]
 34757 | Elf:3    | Lost mutation: You have hidden genetic defects. [potion of
                  | mutation]
 34757 | Elf:3    | Lost mutation: Your flesh is cold resistant. (rC+) [potion
                  | of mutation]
 34757 | Elf:3    | Gained mutation: Your natural rate of healing is unusually
                  | fast. [potion of mutation]
 36545 | Vaults:4 | Identified the +0 ring mail "Ocsuxy" {Dex+2}
 36688 | Vaults:4 | Reached XP level 21. HP: 144/206 MP: 11/26
 37571 | Vaults:5 | Entered Level 5 of the Vaults
 37803 | Vaults:5 | Noticed a golden dragon
 37810 | Vaults:5 | Killed a golden dragon
 38030 | Vaults:5 | Noticed a golden dragon
 38099 | Vaults:5 | Killed a golden dragon
 38129 | Vaults:5 | Identified the +9 glaive "Ecois" {flame, Stlth+}
 38173 | Vaults:5 | Identified the +3 rapier of a Thousand Queens {venom,
                  | *Noise rF+ Int+2 Dex+3}
 38400 | Vaults:5 | Identified the +2 chain mail of Koapuehy {rF- Dex+5}
 38585 | Vaults:5 | Reached skill level 5 in Maces & Flails
 38670 | Vaults:5 | Got a silver rune of Zot
 38981 | Vaults:5 | Identified the amulet of Gamp {Reflect Int+3 Dex+4 SH+5
                  | Stlth+}
 39126 | Vaults:5 | Identified the ring of the Duke {Str+6 Dex+2 SInv}
 40387 | Snake:1  | Reached skill level 10 in Maces & Flails
 40666 | Snake:1  | Found Mol Suah's Book Emporium.
 40666 | Snake:1  | Found Tovusid's Jewellery Shop.
 40667 | Snake:1  | Found Zalapn's Jewellery Shop.
 41085 | Snake:2  | Reached XP level 22. HP: 226/226 MP: 26/26
 42455 | Snake:3  | Reached skill level 15 in Maces & Flails
 42479 | Snake:3  | Identified the +6 spear of Oqazalank {vorpal, rC+ Int+4}
 42766 | Snake:4  | Entered Level 4 of the Snake Pit
 42766 | Snake:4  | Noticed Vashnia
 42800 | Snake:4  | Reached skill level 17 in Unarmed Combat
 42818 | Snake:4  | Killed Vashnia
 43054 | Snake:4  | Noticed Aizul
 43061 | Snake:4  | Killed Aizul
 43104 | Snake:4  | Reached skill level 18 in Unarmed Combat
 43187 | Snake:4  | Reached skill level 19 in Unarmed Combat
 43334 | Snake:4  | Got a serpentine rune of Zot
 44021 | Depths:1 | Entered Level 1 of the Depths
 44061 | Depths:1 | Reached skill level 20 in Unarmed Combat
 44324 | Depths:1 | Noticed Saint Roka
 44331 | Depths:1 | Reached skill level 21 in Unarmed Combat
 44345 | Depths:1 | Killed Saint Roka
 44737 | Depths:1 | Found a one-way gate to the infinite horrors of the Abyss.
 44768 | Depths:1 | Lost intelligence.
 44768 | Depths:1 | Gained mutation: You are dopey. (Int -2) [a neqoxec]
 44794 | Depths:1 | Reached skill level 22 in Unarmed Combat
 44794 | Depths:1 | Reached XP level 23. HP: 232/234 MP: 22/27
 44826 | Depths:1 | Found a gateway to Hell.
 45016 | Depths:1 | Paralysed by a floating eye for 3 turns
 45022 | Depths:1 | Paralysed by a floating eye for 3 turns
 45022 | Depths:1 | Gained mutation: You are clumsy. (Dex -2) [a shining eye]
 45032 | Depths:1 | Paralysed by a floating eye for 3 turns
 45036 | Depths:1 | Gained mutation: Your flesh is cold resistant. (rC+) [a
                  | shining eye]
 45046 | Depths:1 | Paralysed by a floating eye for 3 turns
 45418 | Depths:2 | Noticed a caustic shrike
 45419 | Depths:2 | You fall into a shaft and drop 2 floors!
 45419 | Depths:4 | Entered Level 4 of the Depths
 45543 | Depths:4 | Found a one-way gate leading to the halls of Pandemonium.
 45655 | Depths:4 | Reached skill level 23 in Unarmed Combat
 45735 | Depths:4 | Found a gate to the Realm of Zot.
 46770 | Depths:3 | Reached skill level 24 in Unarmed Combat
 46795 | Depths:3 | Gained mutation: You are frail. (-10% HP) [a shining eye]
 46865 | Depths:3 | Noticed Xtahua
 46872 | Depths:3 | Paralysed by a floating eye for 4 turns
 46886 | Depths:3 | Killed Xtahua
 47762 | Depths:2 | Reached skill level 25 in Unarmed Combat
 47832 | Depths:2 | Identified the +1 leather armour of Vegupap {rElec Str-5
                  | SInv}
 48022 | Depths:2 | Reached XP level 24. HP: 213/217 MP: 24/27
 48116 | Depths:2 | Reached skill level 26 in Unarmed Combat
 48290 | Depths:2 | Identified the +10 arbalest "Raogiup" {elec, rElec rCorr}
 48566 | Depths:2 | Found a one-way gateway to a ziggurat.
 48792 | Hell     | Entered the Vestibule of Hell
 48792 | Hell     | Noticed Geryon
 49009 | Hell     | Paralysed by a wendigo for 1 turns
 49412 | Hell     | Killed Geryon
 49499 | Hell     | Found a gateway to the Iron City of Dis.
 49525 | Hell     | Found a gateway to the ashen valley of Gehenna.
 49763 | Hell     | Reached skill level 15 in Dodging
 49795 | Hell     | Found a gateway to the decaying netherworld of Tartarus.
 49832 | Hell     | Found a gateway to the freezing wastes of Cocytus.
 50237 | Dis:1    | Entered Level 1 of the Iron City of Dis
 50686 | Zot:1    | Entered Level 1 of the Realm of Zot
 51096 | Zot:1    | Identified the +7 halberd of the King {freeze, rPois rC-
                  | rN+ Stlth+}
 51122 | Zot:1    | Identified the +1 helmet of Inaction {rC- Int+3 Dex+3
                  | Stlth+}
 51188 | Zot:1    | Noticed an orb of fire
 51198 | Zot:1    | Gained mutation: Your magical capacity is very low. (-20%
                  | MP) [an orb of fire]
 51202 | Zot:1    | Killed an orb of fire
 51679 | Zot:2    | Reached skill level 5 in Throwing
 54581 | Zot:3    | Reached XP level 25. HP: 142/195 MP: 10/24
 56228 | Zot:4    | Noticed an orb of fire
 56237 | Zot:4    | Gained mutation: Your magical capacity is extremely low.
                  | (-30% MP) [an orb of fire]
 56244 | Zot:4    | Gained mutation: You are weak. (Str -2) [an orb of fire]
 56246 | Zot:4    | Killed an orb of fire
 56760 | Zot:5    | Entered Level 5 of the Realm of Zot
 57306 | Zot:5    | Noticed a Killer Klown
 57378 | Zot:5    | Killed a Killer Klown
 57757 | Zot:5    | Noticed a Killer Klown
 57757 | Zot:5    | Noticed a Killer Klown
 57757 | Zot:5    | Noticed an orb of fire
 57757 | Zot:5    | Noticed a Killer Klown
 57757 | Zot:5    | Noticed a Killer Klown
 57757 | Zot:5    | Noticed a Killer Klown
 57758 | Zot:5    | Gained mutation: You sometimes lose your temper in combat.
                  | [an orb of fire]
 57824 | Zot:5    | Noticed a Killer Klown
 57845 | Zot:5    | Killed a Killer Klown
 57863 | Zot:5    | Killed a Killer Klown
 57886 | Zot:5    | Killed a Killer Klown
 57890 | Zot:5    | Killed a Killer Klown
 58006 | Zot:5    | Killed a Killer Klown
 58026 | Zot:5    | Killed a Killer Klown
 58084 | Zot:5    | Noticed a Killer Klown
 58111 | Zot:5    | Killed a Killer Klown
 58462 | Zot:5    | Killed an orb of fire
 59201 | Vaults:4 | Lost mutation: You are frail. (-10% HP) [potion of
                  | mutation]
 59201 | Vaults:4 | Lost mutation: Your magical capacity is extremely low.
                  | (-30% MP) [potion of mutation]
 59201 | Vaults:4 | Lost mutation: You are dopey. (Int -2) [potion of mutation]
 59201 | Vaults:4 | Gained mutation: You have hidden genetic defects. [potion
                  | of mutation]
 59245 | Vaults:3 | Bought a potion of mutation for 104 gold pieces
 59245 | Vaults:3 | Lost mutation: You sometimes lose your temper in combat.
                  | [potion of mutation]
 59245 | Vaults:3 | Lost mutation: You are clumsy. (Dex -2) [potion of
                  | mutation]
 59245 | Vaults:3 | Lost mutation: You have hidden genetic defects. [potion of
                  | mutation]
 59245 | Vaults:3 | Gained mutation: You are strong-willed. (Will+) [potion of
                  | mutation]
 59439 | Orc:2    | Bought the +8 war axe of Butz {freeze, rCorr Str+5} for 832
                  | gold pieces
 59954 | Zot:5    | Reached XP level 26. HP: 258/258 MP: 22/24
 60000 | Zot:5    | Noticed an orb of fire
 60002 | Zot:5    | Noticed an orb of fire
 60005 | Zot:5    | Gained mutation: You occasionally lose the ability to drink
                  | potions when taking damage. [an orb of fire]
 60005 | Zot:5    | Noticed an orb of fire
 60012 | Zot:5    | Gained mutation: You are clumsy. (Dex -2) [an orb of fire]
 60018 | Zot:5    | Gained mutation: You are occasionally teleported next to
                  | monsters. [an orb of fire]
 60021 | Zot:5    | Killed an orb of fire
 60026 | Zot:5    | Gained mutation: You have hidden genetic defects. [an orb
                  | of fire]
 60027 | Zot:5    | Killed an orb of fire
 60027 | Zot:5    | Lost mutation: You are weak. (Str -2) [an orb of fire]
 60031 | Zot:5    | Gained mutation: Your body sometimes deteriorates upon
                  | taking damage. [an orb of fire]
 60033 | Zot:5    | Gained mutation: Your body often deteriorates upon taking
                  | damage. [an orb of fire]
 60044 | Zot:5    | Gained mutation: You are frail. (-10% HP) [an orb of fire]
 60046 | Zot:5    | Gained mutation: You occasionally lose the ability to read
                  | scrolls when taking damage. [an orb of fire]
 60046 | Zot:5    | Gained mutation: You occasionally shout uncontrollably at
                  | your foes. [an orb of fire]
 60047 | Zot:5    | Killed an orb of fire
 60091 | Zot:5    | Lost intelligence.
 61333 | Crypt:1  | Entered Level 1 of the Crypt
 61547 | Crypt:1  | Gained mutation: Potions are less effective at restoring
                  | your health. [hidden defects]
 62163 | Zot:5    | Got the Orb of Zot
 62179 | Zot:5    | Gained mutation: You are dopey. (Int -2) [mutagenic glow]
 62196 | Zot:5    | Gained mutation: You are weak. (Str -2) [mutagenic glow]
 62485 | Depths:3 | Noticed Ynaemm the pandemonium lord
 62798 | D:5      | Noticed Etrievin the pandemonium lord
 62800 | D:5      | Noticed Peipt the pandemonium lord
 63054 | D:$      | Escaped with the Orb!

Illustrated notes

Levels and vault maps discovered:
D:1:      dpeg_arrival_radiant, layout_loops_ring
D:2:      layout_basic, nicolae_underground_beach
D:3:      wad_crossroads, layout_loops_cross, nicolae_elyvilon_peaceful_grove,
          uniq_natasha
D:4:      layout_basic, temple_statues
D:5:      layout_layer_cave, lemuel_round_altar, kennysheep_cluttered_room
D:6:      minmay_inner_zag, layout_rooms, mainiacjoe_overflow_brackets,
          zin_statuary
D:7:      layout_loops_ring, trog_wizard
D:8:      layout_loops_ring, nicolae_qazlal_style_of_elements, enter_bailey_5,
          serial_shops, shop, minmay_misc_feat_cross
D:9:      layout_big_octagon, nicolae_uskayaw_dance_hall,
          nicolae_kikubaaqudgha_miasma_corner
D:10:     layout_stronghold, nicolae_benzene_ring, dk_noncrumbling_4, hex_medium
D:11:     layout_cave_pools, lair_entry_dummy, orc_david_3
D:12:     layout_basic
D:13:     layout_roguey, gammafunk_ghost_stat_death, serial_shops,
          nicolae_shop_hallway_plus, minivault_12
D:14:     layout_basic, ximxim_vaults_locker_room, minmay_fountain_box,
          uniq_agnes, uniq_rupert
D:15:     gammafunk_enter_depths_forms, layout_basic, nicolae_wwwww
Temple:   compressed_dpeg_circular_temple
Lair:1:   layout_chaotic_city, infiniplex_staircase_pool_2, grunt_megastairs_1,
          serial_bayou_shore_a
Lair:2:   layout_long_grid, gauntlet_entry_generic,
          grunt_forest_large_clearing_hut, grunt_megastairs_5
Lair:3:   layout_cave_pods, minmay_shoals_entry_centaurs,
          minmay_snake_entry_guardpost_medium
Lair:4:   layout_small_grid, basic_altar
Lair:5:   evilmike_catoblepas_cave, layout_layer_cave, slime_entry_1,
          infiniplex_staircase_pool
Shoals:1: nicolae_shoals_lighthouse, layout_shoals, serial_shops,
          shop_fountains, portal_ice_cave_entry_ugly_swarm, abandoned_shop,
          uniq_frances
Shoals:2: layout_shoals, gammafunk_ghost_berserking_beasts,
          nicolae_shoals_c_island
Shoals:3: layout_shoals
Shoals:4: shoals_end_hellmonk_storm_palace [storm_palace_center_ruins,
          storm_palace_corner_altar, storm_palace_corner_pillars,
          storm_palace_corner_narrow, storm_palace_corner_reverse_hut]
Snake:1:  layout_honeycomb, minmay_shop_grove, serial_bayou_shore_b
Snake:2:  layout_chambers
Snake:3:  layout_misc_corridors, st_stairs_11
Snake:4:  snake_pit, layout_misc_corridors, nicolae_snake_squiggles,
          uniq_vashnia, uniq_aizul
Orc:1:    layout_caves, nicolae_shop_gadgets, uniq_jorgrun, uniq_fannar,
          uniq_nergalle
Orc:2:    st_orc_ogre_mass, layout_caves, serial_shops, shop, mines2_david
Elf:1:    eino_elf_arrival_altar, layout_geoelf_octagon,
          minmay_elf_annihilation, einodemon_armed_red_devil_minivault
Elf:2:    nicolae_elf_blades_splatter_lattice
          [nicolae_blade_entry_floor_patterns], layout_rooms,
          nicolae_shop_clearance, grunt_megastairs_2
Elf:3:    minmay_elf_hall_four_x, layout_geoelf_octagon,
          small_chamber_with_monster
Vaults:1: hangedman_vaults_cutoff, nicolae_vaults_bisected_inception,
          st_smaller_cells, nicolae_vaults_yaktaur_gun_rack,
          hangedman_vaults_river_flow, nicolae_vaults_rhombus_7, v_misc_9,
          grunt_vaults_funnel, vaults_room_pool, layout_vaults_chaotic_city
Vaults:2: portal_desolation_entry_garden, nicolae_vaults_puzzle_piece,
          hangedman_vaults_slither, v_misc_33, st_spiral_rooms,
          nicolae_vaults_alarming, ontoclasm_vaults_twist,
          nicolae_vaults_what_the_h, minmay_crypt_entry_simple_box, v_misc_10,
          serial_ice_g, layout_vaults_ring
Vaults:3: hangedman_vaults_unwind, vaults_mumra_lcd,
          ontoclasm_vaults_loading_screen, ontoclasm_vaults_fault, v_misc_9,
          ontoclasm_vaults_shuriken, v_rooms_4, ontoclasm_vaults_ring_square,
          hangedman_vaults_slice, vaults_standard_mumra_lines,
          layout_vaults_omnigrid, serial_shops, shop
Vaults:4: v_misc_17, vaults_mumra_minichess, v_misc_19, dpeg_vaults_monster_row,
          vaults_room_fours, v_misc_22, vaults_dpeg_cross,
          grunt_vaults_trifunnel, v_misc_19, ontoclasm_vaults_hangar, v_misc_13,
          v_misc_32, v_misc_25, layout_vaults_maze_snakey
Vaults:5: serial_shops
Crypt:1:  layout_chaotic_city, grunt_crypt_arrival_guarded_gate,
          roderic_lattice_octagonal_star
Depths:1: layout_basic, grunt_hell_entry_demonic_statue, abyss_entry, drop_trap,
          chequers_serial_rivers_large_a, hangedman_eye_storm,
          serial_bayou_shore_b, uniq_saint_roka
Depths:2: minmay_the_grid_square_5x5_5x5_mashed
          [minmay_the_grid_square_5x5_bracketed,
          minmay_the_grid_square_5x5_tetrominoes,
          minmay_the_grid_square_5x5_two, minmay_the_grid_square_5x5_seven,
          minmay_the_grid_square_5x5_comb, minmay_the_grid_square_5x5_two_small,
          minmay_the_grid_square_5x5_prize_deathbox,
          minmay_the_grid_square_5x5_six,
          minmay_the_grid_square_5x5_prize_snowflake,
          minmay_the_grid_square_5x5_fancy_junction,
          minmay_the_grid_square_5x5_forky,
          minmay_the_grid_square_5x5_broken_cross,
          minmay_the_grid_square_5x5_prize_waves,
          minmay_the_grid_square_5x5_longway,
          minmay_the_grid_square_5x5_minibox,
          minmay_the_grid_square_5x5_shuriken,
          minmay_the_grid_square_5x5_prize_rear_guard,
          minmay_the_grid_square_5x5_fat_x,
          minmay_the_grid_square_5x5_prize_gold,
          minmay_the_grid_square_5x5_dogpile,
          minmay_the_grid_square_5x5_pentomino_r,
          minmay_the_grid_square_5x5_checkered_statues,
          minmay_the_grid_square_5x5_plus, minmay_the_grid_square_5x5_bridge,
          minmay_the_grid_square_5x5_gyroscope], layout_gridville,
          enter_ziggurat_a, kennysheep_flooded_box, rand_demon_pan_entry_3,
          pf_hell_entry_great_geh
Depths:3: minmay_bloctagon, layout_gridville, abyss_entry,
          grunt_hell_entry_dis_mu, infiniplex_staircase_trident, uniq_xtahua
Depths:4: evilmike_zot_entry_hall, layout_basic, hell_entry,
          grunt_pan_entry_zigzag, hellmonk_bongcloud_opening
Hell
Dis:1:    layout_gridville
Zot:1:    layout_misc_corridors, hangedman_zot_diagonal_lockstep,
          skrybe_zot_glass_1
Zot:2:    layout_onion, bh_zot_ikea_curve, hangedman_zot_decor_tridents
Zot:3:    layout_onion_interference
Zot:4:    kennysheep_blocky_room, layout_twisted_circle
Zot:5:    layout_gridlike, st_stairs_3, grunt_ministairs_6,
          nicolae_zot_crop_circle

Skill      XL: |  1  2  3  4  5  6  7  8  9 10 11 12 13 14 15 16 17 18 19 20 21 22 23 24 25 26 |
---------------+-------------------------------------------------------------------------------+-----
Polearms       | 1 2 4 |  4.0
Axes           | 4 5 7 9 10 13 14 17 | 17.1
Shields        | 9 10 16 18 24 | 24.0
Armour         | 4 11 16 21 | 21.8
Invocations    | 10 12 | 12.0
Fighting       | 11 17 21 25 | 25.0
Dodging        | 10 13 16 19 | 19.7
Unarmed Combat | 10 16 22 25 26 | 26.7
Evocations     | 4 7 |  7.9
Maces & Flails | 10 15 | 15.1
Throwing       | 5 |  5.5
Stealth        | |  1.5

Action                   |  1- 3 |  4- 6 |  7- 9 | 10-12 | 13-15 | 16-18 | 19-21 | 22-24 | 25-27 || total
-------------------------+-------+-------+-------+-------+-------+-------+-------+-------+-------++-------
Melee: Hand axe          |   108 |    47 |       |    47 |    31 |       |       |       |       ||   233
       Headbutt          |    17 |     8 |    37 |    83 |   220 |   296 |   460 |   749 |   405 ||  2275
       Punch             |     1 |     2 |       |       |       |       |       |       |       ||     3
       War axe           |       |    46 |   176 |   296 |   801 |  1243 |  1429 |  2032 |  1059 ||  7082
       Unarmed           |       |       |       |       |       |     6 |       |       |       ||     6
Invok: Major Destruction |       |       |       |     3 |       |     1 |     1 |       |       ||     5
       Greater Servant o |       |       |       |       |     4 |     6 |    10 |     2 |     1 ||    23
       Lesser Servant of |       |       |       |       |     1 |       |       |       |       ||     1
  Use: Scroll            |     7 |     5 |     8 |    15 |    12 |     6 |     9 |    11 |     7 ||    80
       Potion            |       |     2 |     1 |       |    14 |     3 |    19 |     1 |     6 ||    46
 Stab: Sleeping          |     5 |       |       |       |       |       |       |       |       ||     5
       Distracted        |       |     2 |       |     9 |     4 |     3 |       |       |       ||    18
       Petrified         |       |       |       |       |     5 |       |       |       |       ||     5
       Invisible         |       |       |       |       |       |       |       |     1 |       ||     1
Armor: Robe              |     8 |       |       |       |       |       |       |       |       ||     8
       Leather armour    |     3 |       |       |       |       |       |       |       |       ||     3
       Scale mail        |    32 |    37 |    37 |       |       |       |       |       |       ||   106
       Chain mail        |       |       |     9 |       |       |       |       |       |       ||     9
       Plate armour      |       |       |     1 |   125 |   521 |   493 |   495 |  1120 |   502 ||  3257
Dodge: Dodged            |    46 |    52 |    53 |    65 |   218 |   335 |   453 |   949 |   427 ||  2598
Block: Kite shield       |       |     8 |    78 |   217 |   637 |  1049 |  1079 |       |       ||  3068
       Tower shield      |       |       |       |       |       |       |    69 |  2298 |  1102 ||  3469
